Map: Overgrowth LE (Void)

Players

Scarlett

  • Race: Zerg Zerg
  • Spawn Location: 1:00

Neeb - Winner!

  • Race: Protoss Protoss
  • Spawn Location: 7:00

Event: WESG 2016 Finals

VOD

Have the link to the VOD?

Description

Time

  • Played on: Jan. 12, 2017, 9:25 p.m.
  • Length: 15:46

All games in this series

Show
View Real Time Build Order
Export as new Build Order

Scarlett Zerg 

Build Orders: Hatch First, Lurkers 

Get SALT Encoding   

  12  0:01  Drone  
  13  0:12  Overlord  
  13  0:17  Drone  
  14  0:30  Drone x2  
  16  0:48  Hatchery  
  15  0:51  Drone  
  15  0:54  Drone  
  17  0:59  Drone  
  18  1:06  Extractor  
  17  1:17  Spawning Pool  
  17  1:18  Drone  
  17  1:21  Drone  
  18  1:28  Drone  
  19  1:38  Overlord  
  19  1:51  Drone  
  20  2:02  Drone  
  20  2:03  Queen x2  
  20  2:04  Zergling x2  
  20  2:07  Metabolic Boost  
  26  2:13  Drone  
  26  2:14  Drone  
  28  2:23  Zergling x2  
  28  2:24  Drone  
  30  2:33  Drone  
  30  2:34  Drone  
  32  2:40  Hatchery  
  31  2:46  Drone, Evolution Chamber  
  31  2:53  Overlord  
  31  2:56  Zergling x4  
  33  3:09  Drone, Queen  
  33  3:12  Drone x2  
  38  3:15  Zerg Melee Weapons Level 1  
  38  3:19  Drone  
  39  3:22  Drone  
  39  3:23  Drone  
  41  3:31  Drone x2  
  41  3:32  Drone  
  44  3:36  Overlord  
  44  3:50  Overlord  
  44  3:53  Baneling Nest  
  41  3:59  Drone x6  
  41  4:02  Extractor  
  46  4:07  Overlord  
  46  4:10  Overlord  
  45  4:21  Drone x2  
  45  4:22  Drone  
  45  4:24  Zergling x8  
  51  4:30  Queen x2  
  56  4:34  Zergling x8  
  56  4:35  Zergling x2  
  61  4:40  Overlord  
  61  4:48  Zergling x4  
  61  4:49  Zergling x4  
  65  4:53  Zergling x10  
  65  4:58  Zergling x4  
  72  5:01  Zergling x6  
  74  5:13  Zergling x6  
  73  5:16  Drone  
  70  5:26  Zergling x4  
  62  5:35  Drone x5  
  66  5:38  Drone  
  66  5:39  Drone  
  63  5:44  Drone x2  
  62  5:52  Drone  
  62  5:55  Drone x2  
  61  5:59  Zerg Missile Weapons Level 1, Lair  
  61  6:01  Drone x3  
  64  6:04  Drone x2  
  64  6:07  Drone  
  67  6:11  Drone x2  
  67  6:14  Drone x6, Spine Crawler  
  67  6:15  Hatchery  
  67  6:16  Spore Crawler  
  72  6:19  Drone  
  72  6:23  Spore Crawler  
  72  6:24  Zergling x2  
  73  6:28  Zergling x4  
  75  6:33  Queen  
  75  6:34  Extractor  
  75  6:35  Extractor  
  75  6:39  Zergling x6  
  78  6:41  Spore Crawler  
  78  6:42  Drone x3  
  75  6:55  Drone x5  
  78  7:02  Overseer  
  78  7:04  Drone x3  
  78  7:06  Centrifical Hooks  
  81  7:08  Hydralisk Den  
  81  7:11  Drone  
  81  7:12  Drone  
  81  7:13  Overlord x5  
  81  7:14  Extractor x2  
  80  7:17  Overlord x2  
  80  7:19  Overlord  
  80  7:27  Hatchery  
  79  7:30  Overlord  
  79  7:36  Drone x5  
  84  7:39  Muscular Augments  
  84  7:40  Drone, Hydralisk  
  84  7:41  Hydralisk x3  
  84  7:44  Hydralisk  
  93  7:48  Hydralisk x2  
  99  7:53  Hydralisk  
  99  7:54  Hydralisk x2  
  105  8:02  Hydralisk  
  105  8:03  Hydralisk x2  
  109  8:15  Hydralisk  
  109  8:16  Hydralisk x5  
  121  8:28  Zerg Melee Weapons Level 2  
  121  8:31  Drone x9  
  130  8:38  Hydralisk x3  
  130  8:39  Overlord  
  130  8:40  Overlord  
  136  8:54  Drone x7  
  136  8:55  Drone, Extractor  
  143  8:56  Hydralisk, Extractor  
  143  8:58  Overlord  
  143  9:00  Hydralisk x2  
  147  9:03  Baneling x8  
  147  9:04  Baneling  
  147  9:06  Hydralisk  
  149  9:14  Hydralisk x4  
  157  9:21  Hydralisk  
  157  9:23  Overlord  
  158  9:28  Queen  
  158  9:30  Hydralisk  
  159  9:31  Spine Crawler  
  159  9:32  Overlord x2  
  159  9:33  Lurker Den  
  159  9:36  Infestation Pit, Overlord x2  
  157  9:43  Hydralisk x2, Spine Crawler  
  160  9:45  Zergling x2  
  160  9:46  Zergling x4  
  160  9:50  Zergling x2  
  160  9:51  Zergling x8  
  168  10:01  Hydralisk x5  
  178  10:10  Spine Crawler  
  178  10:14  Zergling x18  
  178  10:15  Hive  
  178  10:20  Spire  
  185  10:24  Queen  
  187  10:31  Zergling x20  
  193  10:47  Zergling x12  
  193  10:49  Baneling x13  
  195  11:03  Zerg Missile Weapons Level 2  
  195  11:07  Evolution Chamber  
  195  11:11  Zergling x18  
  191  11:29  Lurker x6  
  191  11:30  Lurker x2  
  193  11:33  Greater Spire, Zerg Melee Weapons Level 3  
  193  11:35  Lurker x3  
  193  11:36  Zergling x2  
  193  11:37  Zergling x6  
  199  11:41  Overseer  
  199  11:42  Overseer  
  199  11:43  Overseer x2  
  188  11:54  Hatchery  
  180  12:04  Hydralisk  
  180  12:05  Zergling x12  
  180  12:06  Zergling x4  
  161  12:25  Hydralisk x9  
  123  12:45  Corruptor  
  123  12:46  Corruptor x5  
  123  12:47  Zergling x4  
  123  12:48  Zergling x10  
  133  12:52  Hydralisk  
  137  12:58  Hydralisk, Lurker x2  
  137  12:59  Hydralisk x3  
  137  13:03  Adrenal Glands  
  145  13:06  Hydralisk, Zergling x2  
  145  13:07  Zergling x4  
  145  13:09  Zergling x2  
  151  13:13  Zergling x2  
  151  13:14  Zergling x4  
  156  13:20  Brood Lord x2, Zergling x2  
  156  13:21  Zergling x10  
  156  13:23  Zergling x2  
  156  13:24  Zergling x2  
  166  13:31  Brood Lord, Extractor  
  167  13:34  Brood Lord, Overlord  
  167  13:35  Overlord x2  
  167  13:36  Zergling x14  
  178  13:41  Brood Lord  
  164  13:52  Corruptor  
  164  13:53  Corruptor  
  161  13:56  Zergling x10  
  161  13:57  Zergling x6  
  168  14:12  Hydralisk  
  168  14:13  Hydralisk x5  
  168  14:15  Lurker  
  168  14:16  Lurker  
  179  14:18  Overseer  
  169  14:32  Hydralisk  
  169  14:33  Hydralisk x4  
  177  14:39  Brood Lord  
  161  15:05  Hydralisk  
  161  15:06  Hydralisk x4, Hatchery  
Show
View Real Time Build Order
Export as new Build Order

Neeb Protoss - Winner!

Build Orders: 1 Gate Expand, Zealot Archon 

Get SALT Encoding   

  12  0:00  Probe (Chrono Boost)  
  13  0:11  Probe (Chrono Boost)  
  14  0:19  Pylon  
  14  0:21  Probe (Chrono Boost)  
  15  0:37  Probe (Chrono Boost)  
  15  0:39  Gateway  
  16  0:47  Probe (Chrono Boost)  
  17  0:51  Assimilator  
  17  0:58  Probe (Chrono Boost)  
  18  1:08  Probe (Chrono Boost)  
  19  1:20  Nexus  
  19  1:24  Probe (Chrono Boost)  
  20  1:32  Cybernetics Core  
  20  1:36  Probe (Chrono Boost)  
  21  1:40  Assimilator  
  21  1:46  Probe (Chrono Boost)  
  22  1:50  Pylon  
  22  1:57  Probe (Chrono Boost)  
  23  2:06  Adept  
  24  2:09  Probe (Chrono Boost)  
  24  2:10  Warp Gate  
  26  2:21  Probe (Chrono Boost)  
  27  2:33  Probe (Chrono Boost), Mothership Core (Chrono Boost)  
  30  2:44  Twilight Council, Probe (Chrono Boost)  
  32  2:51  Probe (Chrono Boost)  
  32  2:54  Probe (Chrono Boost)  
  33  3:02  Probe (Chrono Boost)  
  33  3:05  Probe (Chrono Boost)  
  35  3:08  Resonating Glaives  
  36  3:12  Probe (Chrono Boost)  
  36  3:14  Robotics Facility  
  36  3:15  Probe (Chrono Boost)  
  37  3:24  Probe (Chrono Boost)  
  37  3:26  Probe (Chrono Boost)  
  39  3:33  Gateway  
  39  3:34  Gateway x2  
  39  3:35  Pylon  
  39  3:37  Probe (Chrono Boost)  
  39  3:40  Adept  
  42  3:45  Pylon  
  42  3:46  Probe (Chrono Boost)  
  44  3:49  Probe (Chrono Boost)  
  44  3:53  Pylon  
  42  3:57  Probe (Chrono Boost)  
  42  3:59  Warp Prism  
  42  4:01  Probe (Chrono Boost)  
  45  4:12  Pylon  
  45  4:16  Probe (Chrono Boost)  
  46  4:20  Pylon  
  46  4:22  Probe (Chrono Boost)  
  46  4:23  Assimilator  
  47  4:27  Assimilator, Adept  
  47  4:28  Probe (Chrono Boost)  
  47  4:29  Adept x2  
  54  4:34  Adept  
  54  4:38  Probe (Chrono Boost)  
  58  4:46  Probe (Chrono Boost)  
  58  4:50  Probe (Chrono Boost), Adept x3  
  65  4:58  Probe (Chrono Boost)  
  66  5:02  Probe (Chrono Boost)  
  67  5:11  Adept x2  
  67  5:16  Dark Shrine  
  67  5:17  Probe x2 (Chrono Boost), Adept x2  
  73  5:26  Warp Prism  
  70  5:29  Probe x2 (Chrono Boost)  
  68  5:41  Probe x2 (Chrono Boost), Adept  
  68  5:42  Adept x3  
  76  5:53  Nexus  
  76  5:54  Pylon  
  72  6:00  Probe (Chrono Boost)  
  72  6:01  Probe (Chrono Boost)  
  72  6:05  Pylon  
  72  6:06  Stalker x2  
  72  6:08  Sentry  
  78  6:15  Pylon  
  78  6:22  Gateway  
  78  6:24  Gateway  
  78  6:32  Dark Templar  
  78  6:33  Dark Templar x2  
  78  6:34  Dark Templar  
  88  6:41  Probe x2 (Chrono Boost)  
  88  6:52  Immortal  
  88  6:53  Probe x2 (Chrono Boost)  
  90  6:55  Assimilator  
  90  6:59  Assimilator  
  94  7:04  Forge  
  94  7:05  Probe (Chrono Boost)  
  95  7:09  Probe (Chrono Boost)  
  95  7:11  Probe (Chrono Boost)  
  95  7:12  Stalker, Sentry x2  
  103  7:17  Probe (Chrono Boost)  
  103  7:18  Pylon  
  103  7:22  Protoss Ground Weapons Level 1  
  105  7:23  Blink  
  105  7:26  Archon  
  105  7:27  Immortal, Archon  
  108  7:37  Gateway  
  108  7:38  Gateway  
  108  7:40  Gateway  
  108  7:43  Probe (Chrono Boost)  
  110  7:44  Probe (Chrono Boost)  
  110  7:47  Gateway  
  110  7:53  Dark Templar  
  112  8:16  Stalker x5  
  122  8:22  Pylon x3  
  122  8:23  Pylon  
  122  8:25  Pylon  
  122  8:26  Observer  
  122  8:30  Pylon  
  123  8:40  Stalker x6  
  135  8:49  Dark Templar  
  135  8:54  Stalker x3  
  143  9:03  Pylon  
  143  9:15  Stalker x3  
  143  9:16  Stalker x3  
  153  9:25  Protoss Ground Weapons Level 2  
  153  9:27  Immortal  
  149  9:31  Probe x2 (Chrono Boost)  
  153  9:40  Stalker x2  
  153  9:41  Stalker  
  153  9:45  Nexus  
  159  9:50  Pylon  
  159  10:03  Robotics Bay  
  159  10:05  Immortal  
  159  10:07  Robotics Facility  
  159  10:13  Stalker x4  
  171  10:26  Pylon  
  171  10:39  Probe x3 (Chrono Boost)  
  171  10:42  Assimilator  
  174  10:47  Disruptor  
  174  10:48  Assimilator  
  174  10:53  Probe x2 (Chrono Boost)  
  175  10:57  Disruptor  
  175  11:04  Adept x5  
  180  11:05  Adept x4  
  180  11:08  Probe x3 (Chrono Boost)  
  180  11:09  Adept  
  195  11:12  Pylon  
  195  11:18  Disruptor  
  181  11:23  Probe (Chrono Boost)  
  181  11:24  Probe (Chrono Boost)  
  181  11:25  Probe x2 (Chrono Boost)  
  180  11:33  Disruptor  
  180  11:34  Probe (Chrono Boost)  
  180  11:37  Probe x3 (Chrono Boost), Pylon  
  187  11:47  Stalker x6  
  193  12:05  Stalker x3  
  193  12:06  Observer  
  179  12:25  Observer  
  179  12:27  Adept x2  
  179  12:28  Adept  
  160  12:46  Protoss Ground Weapons Level 3  
  160  12:49  Probe (Chrono Boost)  
  159  12:54  Dark Templar x7, Pylon  
  159  12:56  Pylon  
  159  12:58  Archon x3  
  173  13:03  Disruptor  
  173  13:06  Cybernetics Core  
  176  13:23  Photon Cannon  
  176  13:31  Gateway  
  176  13:34  Gateway, Disruptor  
  177  13:53  Stalker x8  
  177  13:54  Stalker x2  
  191  14:02  Robotics Facility  
  191  14:05  Disruptor  
  191  14:06  Mothership Core (Chrono Boost)  
  193  14:13  Stargate  
  192  14:21  Adept x4  
  200  14:50  Stargate  
  200  14:52  Stargate  
  186  14:57  Adept x6  
  186  14:58  Adept  
  180  15:12  Stalker x3  
  182  15:18  Fleet Beacon  
  180  15:29  Nexus  
Tags
 
Add a new tag
Caveats
  • Supply blocks, unpowered buildings, or Contaminate may cause inaccurate times.
  • Supply counts are checked every 10 seconds.